 Dungeon Crawl Stone Soup version 0.31-a0-182-gc5ef74bbde (webtiles) character file.

Game seed: 8238104791698576644

27 olmar the Ruffian (level 3, -1/31 HPs)
             Began as a Naga Transmuter on June 21, 2023.
             Slain by a kobold
             ... wielding a +1 dagger of protection
              (4 damage)
             ... on level 1 of the Dungeon.
             The game lasted 00:01:41 (758 turns).

olmar the Ruffian (Naga Transmuter)                  Turns: 758, Time: 00:01:42

Health: -1/31      AC:  2    Str: 14    XL:     3   Next: 10%
Magic:  6/6        EV: 10    Int: 13    God:
Gold:   7          SH:  0    Dex: 11    Spells: 3/6 levels left

rFire   . .          .
                       - Unarmed
rCold   . . .        (no shield)
rNeg    . . .        a - +0 robe
rPois   +            (no helmet)
rElec   .            (no cloak)
rCorr   .            (no gloves)
SInv    +            (no barding)
Will    .....        f - amulet of magic regeneration
Stlth   +            (no ring)
HPRegen 0.25/turn    (no ring)
MPRegen 0.50/turn

%: no passive effects
@: very slow
A: AC +1, large, see invisible, deformed body, poison resistance, slowness 2,
spit poison 1, naga tail 1
a: Spit Poison


You were on level 1 of the Dungeon.
You visited 1 branch of the dungeon, and saw 2 of its levels.

You collected 7 gold pieces.

Inventory:

Armour
 a - a +0 robe (worn)
Jewellery
 f - an amulet of magic regeneration (around neck)
Scrolls
 c - a scroll of amnesia {unknown}
 d - a scroll of vulnerability {unknown}
 g - a scroll of teleportation {unknown}
 h - a scroll of immolation {unknown}
 i - a scroll of enchant weapon {unknown}
Potions
 b - a potion of lignification


   Skills:
 + Level 1.1 Fighting
 + Level 1.9 Dodging
 + Level 0.4 Stealth
 + Level 3.6 Unarmed Combat
 + Level 2.0 Spellcasting
 + Level 2.2 Transmutations


You had 3 spell levels left.
You knew the following spells:

 Your Spells              Type           Power      Damage    Failure   Level
a - Beastly Appendage     Tmut           14%        N/A       10%         1
b - Wereblood             Tmut           7%         N/A       16%         2

Your spell library contained the following spells:

 Spells                   Type           Power      Damage    Failure   Level
 Spider Form              Tmut/Pois      4%         N/A       43%         3
 Ice Form                 Ice/Tmut       4%         N/A       85%         4


Dungeon Overview and Level Annotations

Branches:
Dungeon (2/15)

Altars:


Innate Abilities, Weirdness & Mutations

Your serpentine skin is tough. (AC +1)
You have supernaturally acute eyesight. (SInv)
Armour fits poorly on your strangely shaped body.
Your system is resistant to poisons. (rPois)
You cover ground very slowly.
You can spit poison.
You have a snake-like lower body.


Message History

You kill the rat!
The ball python bites you. The ball python barely misses you.
The kobold hits you with a +1 dagger of protection.
The goblin closely misses you.
The giant cockroach bites you but does no damage.
Unknown command.
You barely miss the ball python. Your headbutt misses the ball python.
Your primal bloodlust is almost over.
The ball python bites you. x2
The kobold hits you with a +1 dagger of protection.
The goblin hits you with a +0 dagger. The giant cockroach closely misses you.
The ball python bites you but does no damage.
Unknown command.
You barely miss the ball python.
The ball python bites you but does no damage.
The giant cockroach bites you. The goblin hits you with a +0 dagger.
The kobold barely misses you. The ball python barely misses you.
The ball python bites you.
* * * LOW HITPOINT WARNING * * *
Unknown command.
You punch the ball python!
You feel a bit better.
You kill the ball python!
Your horns disappear.
The giant cockroach bites you but does no damage.
The goblin hits you with a +0 dagger.
* * * LOW HITPOINT WARNING * * *
The kobold hits you with a +1 dagger of protection.
* * * LOW HITPOINT WARNING * * *
The ball python bites you.
* * * LOW HITPOINT WARNING * * *
It was a potion of cancellation.
Your magical effects are unravelling.
You feel magically purged.
Your primal bloodlust has ended.
The giant cockroach bites you.
* * * LOW HITPOINT WARNING * * *
The ball python bites you but does no damage.
The goblin completely misses you.
The kobold hits you with a +1 dagger of protection.
You die...

#.......#........########
#.......#........##......
##..8....#.)......##.####.
#8.......#...........# #.
#<.......#..........## #.
#8.........#.........## #.
#########..8......##..P..PP..###.
......# #......g.###.PP..........
......# #......†@S....P.8....####
......# ##8.8#.BK.....P...P..####
......# #####.####....PP......##
......# ######.#....P.....##
......# #.....#......######
......# ##########...#...†.
......# #..##.#.## ......#
#......... ####### #.....#.##


You could see a giant cockroach, a goblin, a ball python and a kobold.

Vanquished Creatures
  2 bats (D:1)
  An endoplasm (D:2)
  2 giant cockroaches (D:1)
  2 goblins
  5 hobgoblins (D:1)
  2 jackals (D:1)
  4 ball pythons
  2 frilled lizards (D:1)
  A kobold (D:1)
  5 rats
26 creatures vanquished.

Notes
Turn   | Place    | Note
-------+----------+-------------------------------------------
     0 | D:1      | olmar the Naga Transmuter began the quest for the Orb.
     0 | D:1      | Reached XP level 1. HP: 18/18 MP: 3/3
    97 | D:1      | Reached XP level 2. HP: 15/25 MP: 3/5
   226 | D:1      | Learned a level 2 spell: Wereblood
   521 | D:1      | Found a faded altar of an unknown god.
   743 | D:1      | Reached XP level 3. HP: 30/31 MP: 4/6
   758 | D:1      | Slain by a kobold

Illustrated notes

Levels and vault maps discovered:
D:1:      mrwooster_arrival_statue_2, layout_basic, basic_ecumenical_altar,
          grunt_decor_fettered, dreamdust_mushroom_princess, minmay_tetromino_i4
D:2:      layout_rooms, uniq_robin

Action                     || total
---------------------------++-------
  Melee: Unarmed           ||    49
         Headbutt          ||     3
   Cast: Beastly Appendage ||     4
         Wereblood         ||     3
Ability: Spit Poison       ||    15
    Use: Potion            ||     1
   Stab: Sleeping          ||     1
 Armour: Robe              ||    20
  Dodge: Dodged            ||    40

Table legend: (Time is in decaauts)
 A = Elapsed time spent in this place.
 B = Non-inter-level travel time spent in this place.
 C = Inter-level travel time spent in this place.
 D = Time resting spent in this place.
 E = Time spent auto-exploring this place.
 F = Levels seen in this place.
 G = Mean time per level.
                   A        B        C        D        E       F      G
               +--------+--------+--------+--------+--------+-----+--------+
         Total |    970 |    951 |     19 |      0 |    720 |   2 |  485.0 |
       Dungeon |    970 |    951 |     19 |      0 |    720 |   2 |  485.0 |
               +--------+--------+--------+--------+--------+-----+--------+

Top non-repeatable levels by time:
     D:1: 931 daAuts
     D:2: 38 daAuts
